[Event "Live Chess"]
[Site "Chess.com"]
[Date "2023.05.20"]
[Round "-"]
[White "Leonid_Starozhilov"]
[Black "tuppyglossop"]
[Result "1-0"]
[WhiteElo "2637"]
[BlackElo "1605"]
[TimeControl "300"]
[EndTime "13:20:35 PDT"]
[Termination "Leonid_Starozhilov won by checkmate"]

1. b3 d5 2. Bb2 Nf6 3. Nf3 e6 4.
c4 dxc4 5. bxc4 Be7 6. g3 c5 7.
Bg2 Nc6 8. O-O O-O 9. Nc3 a6 10. d3 Qc7 11. Rb1 Rd8 12. Nd2 b6 13. Nce4 Bb7 14.
Nxf6+ Bxf6 15. Bxf6 gxf6 16. Ne4 Kg7 17. Qd2 Ne5 18.
Qf4 Qe7 19. Nxf6 Bxg2 20. Nh5+ Kf8 21. Qxe5 Bxf1 22. Qh8# 1-0

[Event "Live Chess"]
[Site "Chess.com"]
[Date "2023.05.20"]
[Round "-"]
[White "Delacorta"]
[Black "Wild_Tiger"]
[Result "0-1"]
[WhiteElo "1424"]
[BlackElo "1070"]
[TimeControl "300"]
[EndTime "13:20:38 PDT"]
[Termination "Wild_Tiger won by checkmate"]

1. d4 d5 2. Nf3 Nc6 3. e3 Bg4 4. h3 Bh5 5. g4 Bg6 6. h4 h6 7. Bd3 Bxd3 8. Qxd3 Nf6 9. Nbd2 Nxg4 10. b3 e6 11. Bb2 Bd6 12. Rg1 f5 13. a3 Qe7 14.
c4 dxc4 15. Nxc4 Bh2 16. Nxh2 Nxh2 17. Rg3 Qxh4 18. O-O-O Ng4 19. d5 Nxf2 20. Qc2 Nxd1 21. Rxg7 Nxe3 22. Nxe3 Qe1+ 23. Nd1 O-O-O 24. dxc6 bxc6 25.
Rg2 Rhe8 26. Re2 Qh1 27. Rd2 f4 28. Qxc6 Rxd2 29. Kxd2 Rd8+ 30. Kc1 Qxd1# 0-1

[Event "Live Chess"]
[Site "Chess.com"]
[Date "2023.05.20"]
[Round "-"]
[White "1PRK1"]
[Black "booktrunk"]
[Result "1-0"]
[WhiteElo "1384"]
[BlackElo "1285"]
[TimeControl "300"]
[EndTime "13:20:46 PDT"]
[Termination "1PRK1 won by resignation"]

1. e4 d5 2. exd5 Qxd5 3. Nc3 Qe6+ 4. Be2 c6 5. Nf3 Qd6 6. O-O Bf5 7. Re1 Nd7 8. d4 O-O-O 9. Be3 e6 10. a4 Nb6 11.
a5 Nd5 12. Nxd5 exd5 13. Ng5 Qd7 14. c4 h6 15. Nf3 dxc4 16. Bxc4 Be6 17. Ne5 Qe7 18.
Bxe6+ fxe6 19. Ng6 Qf6 20. Nxh8 Bb4 21. Qb3 Bxe1 22.
Rxe1 g5 23. Bd2 Qxh8 24. Rxe6 Qxd4 25. Bc3 Qd1+ 26. Qxd1 Rxd1+ 27. Re1 Rxe1+ 28. Bxe1 Ne7 29. Bd2 Kd7 30. g3 Ke6 31. Be3 a6 32. Kg2 Kf5 33.
Kf3 g4+ 34. Ke2 h5 35. b4 Nd5 36. Bd2 Nf6 37. Kd3 Ne4 38. Be3 Nd6 39. Kd4 Nb5+ 40.
Kc5 Ke4 41. Kb6 Nd6 42. Bf4 Nc4+ 43. Kxb7 Nxa5+ 44. bxa5 c5 45. Kxa6 c4 46. Kb7 1-0

[Event "Live Chess"]
[Site "Chess.com"]
[Date "2023.05.20"]
[Round "-"]
[White "siddu198"]
[Black "OceanFloater"]
[Result "1-0"]
[WhiteElo "1599"]
[BlackElo "997"]
[TimeControl "300"]
[EndTime "13:20:54 PDT"]
[Termination "siddu198 won by resignation"]

1. d4 c5 2. dxc5 b6 3. cxb6 axb6 4. Be3 Nc6 5. Nc3 Nf6 6. Nd5 Nxd5 7. Qxd5 e6 8. Qf3 d5 9. Nh3 Ne5 10. Qf4 Ng6 11. Qf3 Ne5 12. Qf4 Ng6 13. Qg3 Bd6 14.
Qg4 e5 15. Qh5 O-O 16. Ng5 Bb4+ 17. c3 Bxc3+ 18. bxc3 h6 19. Nf3 e4 20. Nd4 Ra3 21. Nf5 Qf6 22. Nd4 Rxc3 23. Qxd5 Rd8 24. Qxe4 Qe5 25. Qxe5 Nxe5 26. Nf3 Bg4 27. Nxe5 Bf5 28.
Nd3 Rdc8 29. f3 Rc2 30. Rd1 Rxa2 31. Kf2 b5 32. g4 Bg6 33. Nf4 Bh7 34. Bh3 g5 35.
Nh5 b4 36. Nf6+ Kg7 37. Nxh7 Kxh7 38. Ra1 Rac2 39. Rab1 Rb8 40. Rb3 Rc3 41. Rxc3 bxc3 42.
Rc1 Rc8 43. Rc2 Kg6 44. Bd4 f5 45.
gxf5+ Kf7 46. f6 h5 47. Bxc8 1-0

[Event "Live Chess"]
[Site "Chess.com"]
[Date "2023.05.20"]
[Round "-"]
[White "Inglaterra"]
[Black "Iggle-Piggle"]
[Result "1-0"]
[WhiteElo "2061"]
[BlackElo "1254"]
[TimeControl "300"]
[EndTime "13:20:56 PDT"]
[Termination "Inglaterra won by resignation"]

1. e4 e6 2. d4 d5 3. Nd2 Nf6 4. e5 Ng8 5. f4 c5 6. c3 Nc6 7. Ndf3 Qb6 8. Bd3 Bd7 9. Ne2 c4 10. Bc2 O-O-O 11. O-O h6 12. b3 Na5 13. Be3 f6 14.
Nd2 fxe5 15. fxe5 Ne7 16. bxc4 Nxc4 17. Nxc4 dxc4 18. Rb1 Qc6 19. Ng3 a6 20. Ne4 Nd5 21. Bd2 g5 22. Rxf8 Rdxf8 23. Nd6+ Kb8 24. Rxb7+ Ka8 25.
Be4 Rhg8 26. Qe2 Qa4 27. Rb2 Qa3 28. Nxc4 1-0

[Event "Live Chess"]
[Site "Chess.com"]
[Date "2023.05.20"]
[Round "-"]
[White "wadsy27"]
[Black "Singapourfeuj"]
[Result "1-0"]
[WhiteElo "2554"]
[BlackElo "2239"]
[TimeControl "300"]
[EndTime "13:21:10 PDT"]
[Termination "wadsy27 won by checkmate"]

1. d4 Nf6 2. c4 g6 3. Nf3 Bg7 4. g3 O-O 5. Bg2 d6 6. Nc3 a6 7. O-O Nbd7 8. e4 e5 9. h3 exd4 10. Nxd4 Re8 11. Re1 Nc5 12. Qc2 Rb8 13. Be3 Bd7 14.
Rad1 Qc8 15. Kh2 h5 16. b4 Ne6 17. Nd5 Nh7 18. Nxe6 fxe6 19. Nf4 e5 20. Nxg6 Be6 21. c5 Bf7 22. Nh4 Qe6 23. Nf5 dxc5 24. Qxc5 Bf8 25. Qxc7 Rec8 26. Qa5 b5 27. Rc1 Qxa2 28.
Rxc8 Rxc8 29. Qb6 Qe6 30. Qb7 h4 31. Rd1 hxg3+ 32. fxg3 Rc2 33. Rd8 Qa2 34. Nh4 Qe6 35. Bc5 Rxc5 36. bxc5 Ng5 37. c6 Qa2 38. Qe7 Ne6 39.
c7 Kg7 40. Rxf8 Nxc7 41. Nf5+ Kg6 42. Rg8+ Bxg8 43. Qg7+ Kh5 44. g4# 1-0

[Event "Live Chess"]
[Site "Chess.com"]
[Date "2023.05.20"]
[Round "-"]
[White "rideuv21"]
[Black "Doge_Dandolo"]
[Result "0-1"]
[WhiteElo "1824"]
[BlackElo "2024"]
[TimeControl "300"]
[EndTime "13:21:23 PDT"]
[Termination "Doge_Dandolo won by resignation"]

1. e4 c6 2. c4 d5 3. cxd5 cxd5 4. exd5 Nf6 5. Qa4+ Nbd7 6. Nc3 g6 7. Nf3 Bg7 8. Bc4 O-O 9. d3 a6 10. Qa3 Rb8 11.
Bf4 b5 12. Bxb8 bxc4 13. Bg3 cxd3 14. O-O Nb6 15. Rfd1 Bf5 16. d6 exd6 17. Bxd6 Re8 18. Nd4 Nc4 19. Qc5 Nxd6 20. Nxf5 Nxf5 21. Rd2 Bh6 22.
Rdd1 d2 23. b4 Qd3 24. b5 axb5 25. Nxb5 Ne4 0-1

[Event "Live Chess"]
[Site "Chess.com"]
[Date "2023.05.20"]
[Round "-"]
[White "Lewstar1"]
[Black "chrisbradgate"]
[Result "0-1"]
[WhiteElo "451"]
[BlackElo "848"]
[TimeControl "300"]
[EndTime "13:21:26 PDT"]
[Termination "chrisbradgate won on time"]

1. e4 e5 2. Nf3 Nc6 3. Nc3 Bb4 4. Bc4 h6 5. d3 Bxc3+ 6. bxc3 f6 7. O-O d6 8. d4 Qe7 9. d5 Na5 10. Bb5+ Kf8 11.
Ba3 Bd7 12. Bxd7 Qxd7 13. Bb4 b6 14. Bxa5 bxa5 15. Rb1 Qc8 16. g3 Ne7 17. Nh4 Kf7 18.
a4 Ng6 19. Nxg6 Kxg6 20. Kh1 Qd7 21. Rb5 Qh3 22. Rxa5 Rhb8 23. Rb5 Rxb5 24. axb5 Rb8 25. c4 Ra8 26. Rg1 a6 27. bxa6 Rxa6 28. Qd3 Ra2 29. g4 Qxd3 30. cxd3 Rxf2 31. Rg2 Rxg2 32. Kxg2 Kf7 33.
Kf3 Ke7 34. h4 Kd7 35. Kg3 c6 36. Kf3 c5 37. Kg3 Ke7 38. Kf3 Kf7 39. Kg3 Ke8 40. Kf3 Kd7 41. Kg3 Kc7 42. Kf3 Kb6 43. Kg3 Ka5 44. Kf3 Kb4 45. Kg3 Kc3 46. g5 fxg5 47. hxg5 hxg5 48. Kg4 Kxd3 49. Kxg5 Kxe4 50. Kg6 Kd4 51.
Kxg7 Kxc4 52. Kf6 Kd4 53. Ke6 c4 54. Kxd6 c3 55. Kc6 c2 56. d6 c1=Q+ 57. Kd7 Kd5 58. Ke7 Qg5+ 59. Kd7 Qg7+ 60. Kc8 Qg8+ 0-1

[Event "Live Chess"]
[Site "Chess.com"]
[Date "2023.05.20"]
[Round "-"]
[White "djw60"]
[Black "Tushinskiy"]
[Result "1-0"]
[WhiteElo "2130"]
[BlackElo "2094"]
[TimeControl "300"]
[EndTime "13:21:28 PDT"]
[Termination "djw60 won by resignation"]

1. b3 d5 2. Bb2 c6 3. Nf3 Nf6 4. c4 e6 5. g3 Bd6 6. Bg2 O-O 7. O-O Qe7 8. d4 Nbd7 9. Nc3 Rd8 10. Qc2 dxc4 11.
bxc4 e5 12. e3 Re8 13. a4 a6 14. a5 h6 15. Na4 c5 16. d5 e4 17. Nd2 Nf8 18. Nb6 Rb8 19. Nxc8 Rbxc8 20. Bc3 Ng6 21.
Rab1 Rc7 22. Rb6 Be5 23. Nxe4 Bxc3 24. Nxc3 Rd7 25. e4 Ne5 26. Qe2 Rdd8 27. Rfb1 Rb8 28. h3 Qd8 29. f4 Ned7 30. e5 Nxb6 31. axb6 Nd7 32. Qb2 Nf8 33. Ne4 Nd7 34. Kh2 Qe7 35. h4 f5 36. Nd6 Rf8 37. Qc2 g6 38. h5 g5 39. Nxf5 Qh7 40. Be4 gxf4 41. gxf4 Kh8 42. Rg1 Qf7 43. Rg6 Nf6 44. exf6 1-0

[Event "Live Chess"]
[Site "Chess.com"]
[Date "2023.05.20"]
[Round "-"]
[White "anatoliy10912"]
[Black "whitedjohn"]
[Result "0-1"]
[WhiteElo "1550"]
[BlackElo "1651"]
[TimeControl "300"]
[EndTime "13:21:30 PDT"]
[Termination "whitedjohn won by resignation"]

1. e4 Nf6 2. e5 Nd5 3. d4 d6 4. c4 Nb6 5. exd6 exd6 6. Nc3 Be7 7. Nf3 Bg4 8. h3 Bh5 9. Bd3 O-O 10. O-O Nc6 11. d5 Bxf3 12. Qxf3 Ne5 13. Qd1 Nexc4 14. Qc2 h6 15. Bxc4 Nxc4 16. Re1 Nb6 17. Nb5 c6 18.
dxc6 bxc6 19. Qxc6 Rc8 20. Qf3 d5 21. Qg4 Kh8 22.
Be3 a6 23. Bxb6 Qxb6 24. Rxe7 Qxb5 25. Rxf7 Rxf7 26. Qxc8+ Kh7 27. Qc2+ g6 28. Rd1 Rb7 29. b3 a5 30. Qd3 Qxd3 31. Rxd3 Rd7 32. Kf1 Kg7 33.
Ke2 Kf6 34. Ke3 Ke5 35. f4+ Ke6 36. Kd4 Kd6 37. Rc3 Re7 38. Rc5 Re4+ 39. Kd3 Kxc5 0-1

[Event "Live Chess"]
[Site "Chess.com"]
[Date "2023.05.20"]
[Round "-"]
[White "LiamClery2020"]
[Black "smoggyrabbit"]
[Result "1-0"]
[WhiteElo "2081"]
[BlackElo "1669"]
[TimeControl "300"]
[EndTime "13:21:37 PDT"]
[Termination "LiamClery2020 won on time"]

1. e4 e6 2. d4 d5 3. Nd2 c5 4. c3 cxd4 5. cxd4 dxe4 6. Nxe4 Nc6 7. Nf3 Bb4+ 8. Bd2 Bxd2+ 9. Qxd2 Nf6 10. Nxf6+ Qxf6 11.
Bb5 Bd7 12. O-O O-O 13. Rfe1 a6 14. Ba4 Rfd8 15. Rac1 Be8 16. Bxc6 Bxc6 17. Ne5 Bd5 18. Rc7 Rac8 19. Rxf7 Qh4 20. Qb4 Qg5 21. f3 Rc2 22. g3 Rdc8 23. Qe7 Qxe7 24. Rxe7 Rxb2 25. Nd3 Rxa2 26.
Nb4 Rb2 27. Nxd5 exd5 28. Re8+ Rxe8 29. Rxe8+ Kf7 30. Rc8 b5 31. Ra8 b4 32. Rxa6 b3 33. Rb6 Rb1+ 34. Kg2 b2 35. Rb7+ Ke6 36. Rb6+ Kd7 37.
Rb3 Kc6 38. f4 Kd6 39. g4 Ke6 40. h3 Kf6 41. f5 g6 42. Rb6+ Kg5 43. f6 Kf4 44. f7 1-0

[Event "Live Chess"]
[Site "Chess.com"]
[Date "2023.05.20"]
[Round "-"]
[White "Reggie016"]
[Black "ElectricFalcon"]
[Result "0-1"]
[WhiteElo "1069"]
[BlackElo "1080"]
[TimeControl "300"]
[EndTime "13:21:37 PDT"]
[Termination "ElectricFalcon won by resignation"]

1. e4 e5 2. Nc3 Nc6 3. Bc4 Nf6 4.
d3 Bc5 5. Na4 Be7 6. Nc3 O-O 7.
Nge2 Bb4 8. Bd2 Bxc3 9. Bxc3 d6 10.
O-O Bg4 11. f4 exf4 12. Rxf4 Bxe2 13. Qxe2 d5 14. Bxf6 gxf6 15. Bxd5 Nd4 16. Qg4+ Kh8 17. Raf1 Rg8 18. Qf5 Nxf5 0-1

[Event "Live Chess"]
[Site "Chess.com"]
[Date "2023.05.20"]
[Round "-"]
[White "birdseed45"]
[Black "JanMur7"]
[Result "0-1"]
[WhiteElo "1879"]
[BlackElo "1968"]
[TimeControl "300"]
[EndTime "13:21:47 PDT"]
[Termination "JanMur7 won by checkmate"]

1. e4 e5 2. Nf3 Nc6 3. Bb5 Nf6 4.
O-O Nxe4 5. Re1 Nd6 6. Bxc6 dxc6 7. Nxe5 Be7 8. d4 O-O 9. Nd2 Bf6 10. Ndf3 Nf5 11.
c3 Re8 12. Bf4 Be6 13. h3 Nd6 14. Qc2 Bf5 15. Qb3 Be6 16. c4 Bxe5 17. Nxe5 f6 18. Nf3 Bxc4 19. Qb4 Bd5 20. Rxe8+ Qxe8 21. Bxd6 cxd6 22.
Qxd6 Bxf3 23. gxf3 Qg6+ 24. Qg3 Qxg3+ 25. fxg3 Rd8 26. Rd1 Kf7 27. Kf2 Ke6 28. Ke3 Kd5 29.
Rc1 b6 30. a4 a5 31. g4 g5 32. f4 Re8+ 33. Kf3 Re4 34. fxg5 fxg5 35. Rh1 Rxd4 36. h4 Rd3+ 37. Ke2 Rg3 38. hxg5 Rxg4 39. Rxh7 Rxg5 40.
Kd3 Rg2 41. Kc3 Rg3+ 42. Kc2 Rg4 43. Kb3 Rg3+ 44. Kc2 Rg5 45. Kb3 Kc5 46. Rf7 Rg3+ 47. Ka2 Rd3 48. Rf5+ Rd5 49. Rf4 Rd4 50. Rf5+ Kb4 51.
Rf6 Kxa4 52. Rxc6 b5 53. Rc3 Rd2 54. Ra3+ Kb4 55. Rb3+ Kc5 56. Rc3+ Kb6 57. Rc8 a4 58.
Rb8+ Ka5 59. Re8 Rh2 60. Re5 Rh4 61. Re6 Kb4 62. Re5 Rh2 63. Re4+ Ka5 64. Re8 Rh6 65. Re5 Ra6 66. Rg5 Rb6 67. Rg4 Ra6 68. Ka3 Rh6 69. Rg7 Rh1 70. Ra7+ Kb6 71. Re7 Ka5 72.
Re5 Ra1# 0-1

[Event "Live Chess"]
[Site "Chess.com"]
[Date "2023.05.20"]
[Round "-"]
[White "Missedidea"]
[Black "Greenbecker"]
[Result "1-0"]
[WhiteElo "1814"]
[BlackElo "1620"]
[TimeControl "300"]
[EndTime "13:22:08 PDT"]
[Termination "Missedidea won by checkmate"]

1. d4 d5 2. c4 e6 3. Nc3 Nf6 4. Bg5 Be7 5. e3 O-O 6. Nf3 h6 7. Bh4 c6 8. Rc1 Nbd7 9. Bd3 Qa5 10. O-O Re8 11. a3 Qc7 12. cxd5 Nxd5 13. Bg3 Nxc3 14. Rxc3 Bd6 15. e4 Bxg3 16. hxg3 Nf6 17. Ne5 Rd8 18. Bb1 Qb6 19. Nc4 Qc7 20. Re1 b5 21.
Ne3 Qb6 22. Qc2 g6 23. Rxc6 Qb7 24. Rc7 Qb6 25. d5 exd5 26. exd5 Nxd5 27. Nxd5 Rxd5 28. Rxc8+ Kg7 29. Qc3+ Kh7 30. Qh8# 1-0

[Event "Live Chess"]
[Site "Chess.com"]
[Date "2023.05.20"]
[Round "-"]
[White "Singapourfeuj"]
[Black "OceanFloater"]
[Result "1-0"]
[WhiteElo "2239"]
[BlackElo "997"]
[TimeControl "300"]
[EndTime "13:22:14 PDT"]
[Termination "Singapourfeuj won by resignation"]

1. d4 c6 2. e4 d5 3. Nc3 dxe4 4. f3 Nf6 5. fxe4 Bg4 6. Nf3 e6 7.
Be3 c5 8. d5 exd5 9. exd5 Nxd5 10. Qxd5 Qxd5 11. Nxd5 Nc6 12. Nc7+ 1-0

[Event "Live Chess"]
[Site "Chess.com"]
[Date "2023.05.20"]
[Round "-"]
[White "therealab0ne"]
[Black "BillythekidFellowes"]
[Result "0-1"]
[WhiteElo "704"]
[BlackElo "2039"]
[TimeControl "300"]
[EndTime "13:22:19 PDT"]
[Termination "BillythekidFellowes won by resignation"]

1. e4 e6 2. d4 d5 3. e5 c5 4. Nf3 Nc6 5. Bb5 a6 6. Ba4 b5 7. Bg5 Be7 8. Bxe7 Ngxe7 9. Bxb5 axb5 10. O-O cxd4 11. Nxd4 O-O 12. Nxb5 Nxe5 13. Nd2 Nf5 14. Nf3 Nxf3+ 15. Qxf3 Qb6 16. Nc3 Qxb2 17. Rab1 Qa3 18. Nxd5 Qxf3 19. gxf3 exd5 0-1

[Event "Live Chess"]
[Site "Chess.com"]
[Date "2023.05.20"]
[Round "-"]
[White "OleksiyJr1"]
[Black "lightningorderyt"]
[Result "1-0"]
[WhiteElo "964"]
[BlackElo "522"]
[TimeControl "300"]
[EndTime "13:22:20 PDT"]
[Termination "OleksiyJr1 won by resignation"]

1. e4 c6 2. Nf3 d5 3. e5 Bf5 4. d4 c5 5. Nc3 Nc6 6. Bd3 Be6 7.
Bb5 c4 8. Be3 Bg4 9. h3 Bf5 10.
O-O Qb6 11. a4 a6 12. a5 Qc7 13. Bxc6+ Qxc6 14. b4 e6 15. Ne2 Bxb4 16. c3 Be7 17. Bg5 Bxg5 18. Nxg5 h6 19. Nf3 f6 20.
Re1 Ne7 21. Qa4 Qxa4 22. Rxa4 g5 23. Rb4 Rb8 24. exf6 Ng6 25. Ne5 Nf4 26. Nxf4 gxf4 27. g4 Bg6 28. Nxg6 b6 29. Nxh8 bxa5 30. Rxb8+ 1-0

[Event "Live Chess"]
[Site "Chess.com"]
[Date "2023.05.20"]
[Round "-"]
[White "Ferrarifan27"]
[Black "wot-not"]
[Result "0-1"]
[WhiteElo "2050"]
[BlackElo "1501"]
[TimeControl "300"]
[EndTime "13:22:23 PDT"]
[Termination "wot-not won by resignation"]

1. e4 e6 2. d4 d5 3. e5 c5 4.
c3 Bd7 5. Nf3 Qb6 6. a3 Bb5 7.
Be2 Bxe2 8. Qxe2 cxd4 9. cxd4 Ne7 10. O-O Nf5 11. Rd1 Be7 12. Nc3 Nc6 13. Na4 Qa6 14. Qxa6 bxa6 15. Be3 O-O 16. Rac1 Na5 17. Rc7 Nc4 18. g4 Nfxe3 19. fxe3 Bd8 20. Rc6 Nxe3 21. Rd2 Nxg4 22. Rxa6 Bb6 23. Nxb6 axb6 24. Rxb6 Rac8 25. a4 Rc1+ 26. Kg2 Ne3+ 27. Kh3 Nc4 28. a5 Nxb6 29. axb6 Rb8 30. b4 Rxb6 31. Ra2 Rc8 32. Ra4 h6 33. Kg4 Rcb8 34. h4 Rxb4 35. Ra7 R4b7 36. Ra1 Rb3 37. h5 Rd3 38. Ra4 Rbb3 39. Ne1 Rg3+ 40. Kf4 Rh3 41. Kg4 Rbg3+ 42. Kf4 Rg5 43. Ra8+ Kh7 44.
Ra7 Rf5+ 45. Kg4 Rhxh5 46. Nd3 Rhg5+ 47. Kh4 Rf1 48. Nf2 Rxf2 49. Kh3 Rf1 50. Kh2 Rf4 51. Kh3 Rxd4 52. Rxf7 Re4 53. Re7 Rexe5 54. Kh2 d4 55.
Rd7 Rd5 56. Re7 Rg6 57. Ra7 d3 58. Ra1 d2 59. Rd1 e5 60. Kh3 e4 61. Kh4 e3 62.
Kh3 e2 63. Rxd2 Rxd2 0-1

[Event "Live Chess"]
[Site "Chess.com"]
[Date "2023.05.20"]
[Round "-"]
[White "SupremeTactician"]
[Black "SavagePawn7"]
[Result "1-0"]
[WhiteElo "2366"]
[BlackElo "796"]
[TimeControl "300"]
[EndTime "13:22:23 PDT"]
[Termination "SupremeTactician won by resignation"]

1. e4 d5 2. exd5 Nf6 3. Nc3 Nxd5 4. Nxd5 Qxd5 5. Nf3 Nc6 6. Be2 Bg4 7. h3 Bxf3 8.
Bxf3 Qe6+ 9. Qe2 Qxe2+ 10. Bxe2 Nd4 11. Bd1 O-O-O 12. c3 Nf5 13. Bc2 e6 14. d4 b6 15.
O-O c5 16. dxc5 bxc5 17. Bxf5 exf5 18. Be3 Be7 19. Rad1 Rxd1 20. Rxd1 Rd8 21. Rxd8+ Kxd8 22. Kf1 Kd7 23. Ke2 Ke6 24. Kd3 Kd5 25. c4+ Ke6 26. a3 Kd7 27. Kc3 Kc6 28. b4 cxb4+ 29. axb4 a6 30. Kb3 f6 31. Ka4 g5 32. g3 h5 33.
Bd4 h4 34. b5+ axb5+ 35. cxb5+ Kb7 36. gxh4 gxh4 37. Kb3 Bd6 38. Kc4 Be5 39. Bxe5 fxe5 40. Kd5 e4 41. Ke5 Kb6 42. Kxf5 Kxb5 43. Kxe4 Kc5 44.
Ke5 Kc4 45. f4 Kc5 46. f5 Kc6 47. Ke6 Kc7 48. f6 Kd8 49. f7 1-0

[Event "Live Chess"]
[Site "Chess.com"]
[Date "2023.05.20"]
[Round "-"]
[White "defenderalist"]
[Black "onemoretime1975"]
[Result "1-0"]
[WhiteElo "1595"]
[BlackElo "1862"]
[TimeControl "300"]
[EndTime "13:22:34 PDT"]
[Termination "defenderalist won by resignation"]

1. e4 e6 2. Nf3 d5 3. exd5 exd5 4.
d4 Nf6 5. Bd3 Bd6 6. O-O O-O 7.
c3 Bg4 8. h3 Bh5 9. Nbd2 c6 10.
Qc2 Bg6 11. Bxg6 hxg6 12. Nb3 Nbd7 13. Bg5 Re8 14. Rae1 Qc7 15. Nbd2 Bf4 16. Bxf4 Qxf4 17. Qd3 Ne4 18. Re2 Nxd2 19. Nxd2 Nf6 20. Rfe1 Rxe2 21. Rxe2 Kf8 22. f3 Re8 23. Rxe8+ Nxe8 24. Nf1 Nd6 25. b3 Nf5 26. Qd2 Qd6 27. Qe2 Qe7 28. Qxe7+ Kxe7 29. Kf2 Kd6 30. g4 Ne7 31. f4 f6 32. Kf3 b6 33. h4 c5 34. Ne3 cxd4 35. cxd4 Nc6 36. Nc2 a5 37. h5 gxh5 38. gxh5 Ne7 39. Kg4 Ke6 40. Ne3 Nc6 41. f5+ Kd6 42. Nc2 Ne7 43.
Kf4 Nc6 44. Kg4 Ne7 45. Kf4 Ng8 46. Kg4 Nh6+ 47. Kf4 Nf7 48. Kg4 Ng5 49. Na3 Kc6 50.
Nc2 Ne4 51. h6 gxh6 52. Kh5 Kd6 53. Kxh6 Ke7 54. Kg7 Ng3 55. Ne3 Kd6 56. Kf7 Ne2 57.
Nc2 Nc1 58. Kxf6 Nxa2 59. Kg7 Nc3 60. f6 Ne4 61. f7 1-0

[Event "Live Chess"]
[Site "Chess.com"]
[Date "2023.05.20"]
[Round "-"]
[White "bristolunichess"]
[Black "OSmith06"]
[Result "1-0"]
[WhiteElo "1817"]
[BlackElo "1648"]
[TimeControl "300"]
[EndTime "13:22:51 PDT"]
[Termination "bristolunichess won by checkmate"]

1. e4 c6 2. d4 d5 3. e5 c5 4. Nf3 Bg4 5. dxc5 Nc6 6. Bb5 e6 7.
Bxc6+ bxc6 8. Qd4 Bxf3 9. gxf3 Qa5+ 10. b4 Qb5 11. a4 Qb7 12. Nc3 Ne7 13. Rb1 Nf5 14.
Qd3 Be7 15. Ne2 Bxc5 16. Ng3 Bxb4+ 17. c3 Bxc3+ 18. Kf1 Nxg3+ 19. hxg3 Qc7 20. Qxc3 O-O 21.
Be3 Rab8 22. Qc2 c5 23. Qxh7# 1-0

[Event "Live Chess"]
[Site "Chess.com"]
[Date "2023.05.20"]
[Round "-"]
[White "f4nomore"]
[Black "MarkLim1"]
[Result "1-0"]
[WhiteElo "1382"]
[BlackElo "1646"]
[TimeControl "300"]
[EndTime "13:22:58 PDT"]
[Termination "f4nomore won by checkmate"]

1. d4 Nf6 2. Bg5 e6 3. Bxf6 Qxf6 4. c3 d6 5. Nf3 g6 6. e3 Bg7 7.
Be2 O-O 8. O-O c5 9. Nbd2 b6 10.
Ne4 Qe7 11. Rb1 Bb7 12. Bd3 Nc6 13. b3 cxd4 14. cxd4 Nb4 15. Nc3 Nxd3 16. Qxd3 Rac8 17. Ne2 Rc7 18. h3 Rfc8 19. Rfc1 Bxf3 20. Rxc7 Rxc7 21. gxf3 Qh4 22. Nf4 e5 23. dxe5 Bxe5 24. Ng2 Qxh3 25. f4 Bg7 26. Qxd6 Rc2 27. Qd8+ Bf8 28.
Qh4 Qxh4 29. Nxh4 Rxa2 30. Nf3 a5 31. Rd1 Bc5 32. Rd8+ Kg7 33. Ne5 f6 34. Rd7+ Kh6 35. Ng4+ Kh5 36. Nxf6+ Kh4 37. Rxh7# 1-0

[Event "Live Chess"]
[Site "Chess.com"]
[Date "2023.05.20"]
[Round "-"]
[White "ProfPoisson"]
[Black "SirEntrails"]
[Result "1-0"]
[WhiteElo "1075"]
[BlackElo "536"]
[TimeControl "300"]
[EndTime "13:23:05 PDT"]
[Termination "ProfPoisson won by checkmate"]

1. e4 d5 2. exd5 Nf6 3. Nc3 Nxd5 4. d4 Nc6 5. Nf3 Bg4 6. Be2 e6 7. Nxd5 exd5 8. O-O Bxf3 9. Bxf3 Bd6 10. Re1+ Ne7 11. Bxd5 c6 12. Bb3 O-O 13. Bg5 h6 14. Bh4 g5 15.
Qg4 c5 16. dxc5 Bxc5 17. Rad1 Qb6 18. Bg3 a5 19. h4 a4 20. Bc4 Qxb2 21. hxg5 Qxc2 22.
gxh6+ Qg6 23. Qxg6+ Nxg6 24. Rd7 Kh7 25. Bd6 Rfd8 26.
Rxf7+ Kxh6 27. Bxc5 Ra5 28. Be3+ Kh5 29. Be2+ Kh4 30. Rh7+ Rh5 31. Rxh5# 1-0

[Event "Live Chess"]
[Site "Chess.com"]
[Date "2023.05.20"]
[Round "-"]
[White "TheSmoulderingMaster"]
[Black "Stanbad1"]
[Result "0-1"]
[WhiteElo "1745"]
[BlackElo "2422"]
[TimeControl "300"]
[EndTime "13:23:15 PDT"]
[Termination "Stanbad1 won by resignation"]

1. e4 e6 2. d4 d5 3. Nc3 Nf6 4. Bg5 Bb4 5. e5 h6 6. Bh4 g5 7. Bg3 Ne4 8. Ne2 c5 9. Qd3 Nc6 10. O-O-O c4 11. Qe3 Nxg3 12. hxg3 Qa5 13. Kb1 b5 14.
Nc1 Qb6 15. f4 g4 16. Be2 a5 17. Bxg4 Bxc3 18. Qxc3 b4 19. Qe3 a4 20. f5 exf5 21. Bf3 Be6 22. Rxh6 Rxh6 23. Qxh6 O-O-O 24. Bh5 b3 25. a3 bxc2+ 26. Kxc2 Nxd4+ 27. Kb1 c3 28. Nd3 c2+ 29.
Kc1 cxd1=Q+ 30. Kxd1 Qb3+ 31. Kd2 Qc2+ 32. Ke3 f4+ 33.
gxf4 Nf5+ 0-1

[Event "Live Chess"]
[Site "Chess.com"]
[Date "2023.05.20"]
[Round "-"]
[White "JoshMcK"]
[Black "matt1979"]
[Result "0-1"]
[WhiteElo "1582"]
[BlackElo "1473"]
[TimeControl "300"]
[EndTime "13:23:16 PDT"]
[Termination "matt1979 won by resignation"]

1. e4 d6 2. d4 Nf6 3. Nc3 e5 4. dxe5 dxe5 5. Qxd8+ Kxd8 6. Nf3 Bd6 7. Nb5 Nbd7 8.
Nxd6 cxd6 9. Bg5 Ke7 10. O-O-O h6 11. Bxf6+ Nxf6 12. Bd3 Be6 13. h3 a5 14. b3 a4 15.
Kb2 axb3 16. cxb3 Ra7 17. Nd2 Rha8 18. a4 Bd7 19. Nc4 Bc6 20. Nb6 Rd8 21. f3 Nd7 22. Nxd7 Rxd7 23. Bc4 f6 24. Rd2 Ra8 25. Rhd1 Rb8 26.
g4 b5 27. axb5 Bxb5 28. Bxb5 Rxb5 29. Rd5 Rb6 30. R1d3 g5 31. Ka3 Ra7+ 32. Kb2 Rba6 33. Kc3 Rc7+ 34. Kb2 Rca7 35. Kc3 Rc7+ 36. Kb4 Rb7+ 37.
Rb5 Rc7 38. Rb8 Kf7 39. Rd8 Rcc6 40. Rd7+ Kg6 41. Rc3 Rab6+ 42. Ka3 Rxc3 43. Kb2 Rbxb3+ 0-1

[Event "Live Chess"]
[Site "Chess.com"]
[Date "2023.05.20"]
[Round "-"]
[White "JohanKjeldahl"]
[Black "Vitalii18a"]
[Result "1-0"]
[WhiteElo "1844"]
[BlackElo "1108"]
[TimeControl "300"]
[EndTime "13:23:26 PDT"]
[Termination "JohanKjeldahl won by resignation"]

1. e4 e5 2. Nf3 d6 3. d4 Be7 4. Bc4 exd4 5. Nxd4 Nf6 6. Nc3 O-O 7.
O-O Be6 8. Bxe6 fxe6 9. Nxe6 Qe8 10. Nxf8 Qxf8 11. Qe2 Nc6 12. Be3 Ne5 13. Rad1 c6 14. h3 d5 15. exd5 cxd5 16. Nxd5 Nxd5 17. Rxd5 Ng6 18.
Rfd1 b6 19. Qc4 Bf6 20. Rd8+ Kh8 21. Rxf8+ Rxf8 22. Qc7 Bxb2 23. Qxa7 h6 24. Qxb6 Bf6 25. a4 Ne7 26. Bc5 Rf7 27. Qe6 Kg8 28. Rd8+ 1-0

[Event "Live Chess"]
[Site "Chess.com"]
[Date "2023.05.20"]
[Round "-"]
[White "BritishIsles"]
[Black "domrobson"]
[Result "0-1"]
[WhiteElo "2417"]
[BlackElo "1753"]
[TimeControl "300"]
[EndTime "13:23:33 PDT"]
[Termination "domrobson won by checkmate"]

1. d4 Nf6 2. Bg5 Ne4 3. Bh4 d5 4. f3 g5 5. fxe4 gxh4 6. exd5 Qxd5 7. Nc3 Qh5 8. e4 Bg4 9. Be2 Bxe2 10. Ngxe2 Bh6 11.
Nd5 Na6 12. Qd3 c6 13. Ndf4 Qg4 14. O-O Rg8 15. Qf3 O-O-O 16. c3 f6 17. h3 Qd7 18. Nd3 b6 19. Qf5 Be3+ 20. Kh1 Nc7 21. Qxd7+ Rxd7 22. Rf3 Bg5 23. e5 h6 24. Raf1 Nd5 25.
exf6 exf6 26. Nef4 Nxf4 27. Nxf4 Re7 28. Nh5 Re2 29. R3f2 Rge8 30. Ng7 R8e4 31. Nf5 Re1 32. Nd6+ Kd7 33. Nxe4 Rxe4 34. Rxf6 Bxf6 35. Rxf6 Re2 36. Rxh6 Rxb2 37. Rh7+ Kd6 38. Rxa7 Kd5 39. Rh7 Rxa2 40. Rxh4 Kc4 41. Rh6 c5 42. dxc5 bxc5 43. Rc6 Ra5 44. h4 Kxc3 45. g4 Kd4 46. Kg2 Ke4 47. Kg3 Ra3+ 48.
Kg2 Kf4 49. g5 Kg4 50. Rh6 Ra2+ 51. Kf1 c4 52. g6 Kf3 53. g7 Ra1# 0-1

[Event "Live Chess"]
[Site "Chess.com"]
[Date "2023.05.20"]
[Round "-"]
[White "OleksiyJr1"]
[Black "Ferrarifan27"]
[Result "0-1"]
[WhiteElo "964"]
[BlackElo "2050"]
[TimeControl "300"]
[EndTime "13:23:37 PDT"]
[Termination "Ferrarifan27 won by resignation"]

1. e4 e5 2. Nf3 Nc6 3. Bc4 Nd4 4.
Nxe5 Qg5 5. O-O Qxe5 6. c3 Nc6 7. d4 Qf6 8. e5 Qg6 9. Qf3 Nh6 10.
Bxh6 gxh6 11. Bxf7+ Qxf7 12. Qxf7+ Kxf7 13. Re1 Rg8 14. e6+ dxe6 15. d5 exd5 16. c4 0-1